 Dungeon Crawl Stone Soup version 0.20.1-1-g8b1a95d (webtiles) character file.

1976 homeworkjunkie the Cleaver (level 9, -14/85 HPs)
             Began as a Hill Orc Fighter on Nov 8, 2017.
             Splashed by an acid dragon's acid (16 damage)
             ... on level 8 of the Dungeon.
             The game lasted 00:21:42 (7754 turns).

homeworkjunkie the Cleaver (Hill Orc Fighter)       Turns: 7754, Time: 00:21:43

Health: -14/85     AC:  6    Str: 19      XL:     9   Next: 20%
Magic:  11/11      EV:  7    Int:  7 (8)  God:
Gold:   0          SH:  9    Dex: 11      Spells: 8/8 levels left

rFire    + . .     SeeInvis .   a - +0 war axe
rCold    . . .     Gourm    .   c - +0 shield
rNeg     . . .     Faith    +   e - +0 chain mail
rPois    .         Spirit   .   (helmet restricted)
rElec    .         Reflect  .   u - +0 cloak
rCorr    .         Harm     .   D - +0 pair of gloves
MR       .....                  v - +0 pair of boots
Stlth    ..........             s - amulet of faith
Regen    0.3/turn               y - ring of stealth
MPRegen  0.2/turn               k - ring of protection from fire

@: corroded, heavily drained
A: horns 1, repulsion field 1, blurry vision 1, deterioration 1, robust 1,
shaggy fur 1, weak 1, evolution 1
a: no special abilities


You were on level 8 of the Dungeon.
You were not hungry.

You visited 1 branch of the dungeon, and saw 9 of its levels.
You also visited: Sewer and Ossuary.

Inventory:

Hand Weapons
 a - a +0 war axe (weapon)
Missiles
 p - 2 tomahawks (quivered)
 A - a tomahawk of returning
Armour
 c - a +0 shield (worn)
 d - a +2 helmet
 e - a +0 chain mail (worn)
 u - a +0 cloak (worn)
 v - a +0 pair of boots (worn)
 D - a +0 pair of gloves (worn)
Jewellery
 k - a ring of protection from fire (right hand)
 l - an uncursed ring of fire
 s - an amulet of faith (around neck)
 y - a ring of stealth (left hand)
Wands
 q - a wand of flame (13/48)
 t - a wand of polymorph (0/24)
Scrolls
 b - a scroll of remove curse
 m - a scroll of blinking {unknown}
 n - 4 scrolls of teleportation
Potions
 g - a potion of resistance
 i - a potion of haste {unknown}
 j - a potion of curing
 r - 6 potions of flight
 z - a potion of magic {unknown}
Comestibles
 f - 3 bread rations
 h - a meat ration
 o - 3 fruits


   Skills:
 * Level 6.7(4.9) Fighting
 * Level 10.1(8.2) Axes
 + Level 0.8(0.0) Throwing
 * Level 5.8(4.1) Armour
 + Level 0.7(0.0) Dodging
 + Level 0.1(0.0) Stealth
 * Level 6.4(4.6) Shields
 * Level 2.8(1.2) Evocations


You had 8 spell levels left.
You didn't know any spells.

Dungeon Overview and Level Annotations

Branches:
Dungeon (9/15)
 Temple: D:4-7         Lair: D:8-11         Orc: D:9-12

Altars:
Gozag
Kikubaaqudgha
Makhleb
Trog
Zin
The Shining One

Annotations:
D:7 Maurice


Innate Abilities, Weirdness & Mutations

You have a pair of small horns on your head.
You are surrounded by a mild repulsion field. (EV +2)
Scrolls take you a little longer to read.
Your body sometimes deteriorates upon taking damage.
You are robust. (+10% HP)
You are covered in fur. (AC +1)
You are weak. (Str -2)
You evolve.


Message History

You headbutt the acid dragon, but do no damage.
The acid dragon is moderately wounded.
The acid dragon bites you.
* * * LOW HITPOINT WARNING * * *
The acid dragon claws you but does no damage.
You closely miss the acid dragon.
You headbutt the acid dragon, but do no damage.
The acid dragon is moderately wounded.
The acid dragon bites you but does no damage.
You block the acid dragon's attack. The acid dragon bites you!
* * * LOW HITPOINT WARNING * * *
Your body deteriorates!
You feel dopey.
The acid dragon claws you but does no damage.
You hit the acid dragon but do no damage.
The acid dragon is moderately wounded.
The acid dragon spits acid at you. The splash of acid hits you!
* * * LOW HITPOINT WARNING * * *
The acid corrodes you!
You are splashed with acid!
The acid burns!
You die...

.............### #.#..
....<.....)....### #....
#.).%..[....##..##....
##....<)....###....#..
#...........##∩_......
#.#.........###.......
#.#.........##..#.....
#.#$.........####.....
#####.#.>@................
#........D.............T..
#.........................
#......#...............###
#......##.............##
#%.....#####..........#
###.########.[.......†###
#......T..#.............
##........#)((.......>..


You could see an acid dragon.

Vanquished Creatures
  Joseph (D:7)
  Edmund (D:4)
  A black bear (D:7)
  A phantom (D:7)
  An ogre (D:4)
  2 bullfrogs
  A scorpion (D:3)
  A howler monkey (D:4)
  4 wights (D:7)
  2 vampire bats (D:7)
  A crimson imp (D:6)
  A bullfrog skeleton (D:7)
  A centaur skeleton (D:7)
  3 hounds
  2 orc wizards
  2 iguanas (D:7)
  A merfolk avatar (Sewer)
  A merfolk siren (Sewer)
  2 worker ants
  A hound zombie (D:8)
  A hound skeleton (D:7)
  Robin (D:4)
  8 mummies (Ossuary)
  2 gnolls (D:3)
  7 adders
  4 river rats
  3 oozes
  An adder skeleton (D:7)
  3 worms
  4 dart slugs
  5 leopard geckos
  11 orcs
  12 ball pythons
  3 bat skeletons (D:7)
  2 bat zombies (D:7)
  4 giant cockroaches
  2 gnoll zombies (Ossuary)
  14 goblins
  11 hobgoblins
  8 jackals
  6 quokkas
  9 bats
  7 frilled lizards
  A hobgoblin zombie (Ossuary)
  A jackal zombie (D:7)
  5 kobolds
  3 kobold zombies (Ossuary)
  2 orc zombies (Ossuary)
  A quokka zombie (D:7)
  27 rats
198 creatures vanquished.

Notes
Turn   | Place    | Note
-------+----------+-------------------------------------------
     0 | D:1      | homeworkjunkie the Hill Orc Fighter began the quest for the Orb.
     0 | D:1      | Reached XP level 1. HP: 19/19 MP: 1/1
    77 | D:3      | Reached XP level 2. HP: 18/27 MP: 2/2
   175 | D:4      | Noticed Robin
   198 | D:2      | Reached skill level 3 in Axes
   207 | D:2      | Reached XP level 3. HP: 22/33 MP: 3/3
   673 | D:3      | Reached XP level 4. HP: 40/40 MP: 4/4
   707 | D:3      | Reached skill level 4 in Axes
   776 | D:3      | Found a faded altar of an unknown god.
   893 | D:3      | Reached XP level 5. HP: 10/47 MP: 5/5
   894 | D:3      | Gained mutation: You are surrounded by a mild repulsion field. (EV +2) [potion of mutation]
   894 | D:3      | Gained mutation: You evolve. [potion of mutation]
  1003 | D:3      | Gained mutation: Scrolls take you a little longer to read. [evolution]
  1356 | D:4      | Killed Robin
  1456 | D:3      | Reached skill level 5 in Axes
  1945 | D:2      | Reached XP level 6. HP: 42/53 MP: 6/6
  2771 | D:1      | Reached skill level 6 in Axes
  3283 | D:4      | Noticed Edmund
  3307 | D:4      | Killed Edmund
  3307 | D:4      | Reached skill level 7 in Axes
  3307 | D:4      | Reached XP level 7. HP: 37/60 MP: 7/7
  3430 | D:5      | Entered Level 5 of the Dungeon
  3439 | D:5      | Found a glowing drain.
  3455 | Sewer    | Entered a sewer
  3514 | Sewer    | Gained mutation: You are covered in fur. (AC +1) [evolution]
  3641 | Sewer    | Reached skill level 5 in Fighting
  3875 | Sewer    | Reached skill level 5 in Shields
  4178 | D:4      | You fall through a shaft for 3 floors!
  4221 | D:7      | Reached skill level 1 in Evocations
  4240 | D:7      | Found an opulent altar of Gozag.
  4271 | D:7      | Reached skill level 8 in Axes
  4313 | D:7      | Found a sand-covered staircase.
  4318 | Ossuary  | Entered an ossuary
  4425 | Ossuary  | Gained mutation: You are robust. (+10% HP) [evolution]
  4496 | Ossuary  | Reached XP level 8. HP: 58/75 MP: 9/9
  4802 | D:8      | Noticed Maurice
  4989 | D:7      | Noticed Joseph
  5000 | D:7      | Killed Joseph
  5000 | D:7      | Reached skill level 9 in Axes
  5000 | D:7      | Reached skill level 5 in Armour
  5103 | D:7      | Found a glowing silver altar of Zin.
  5103 | D:7      | Found a glowing golden altar of the Shining One.
  5169 | D:7      | Found an ancient bone altar of Kikubaaqudgha.
  6107 | D:7      | Reached XP level 9. HP: 50/85 MP: 10/10
  6450 | D:8      | Noticed a two-headed ogre
  6451 | D:8      | Noticed a glowing shapeshifter
  6451 | D:8      | a two-headed ogre changed into a glowing shapeshifter
  6452 | D:8      | Noticed a shining eye
  6452 | D:8      | a glowing shapeshifter changed into a shining eye
  6454 | D:8      | Gained mutation: You are weak. (Str -2) [a shining eye]
  6456 | D:8      | Gained mutation: Your body sometimes deteriorates upon taking damage. [a shining eye]
  6459 | D:8      | Noticed a merfolk
  6459 | D:8      | a shining eye changed into a merfolk
  6461 | D:8      | a merfolk changed into a dream sheep
  6465 | D:8      | Noticed a guardian serpent
  6465 | D:8      | a dream sheep changed into a guardian serpent
  6466 | D:8      | Noticed a komodo dragon
  6466 | D:8      | a guardian serpent changed into a komodo dragon
  6469 | D:8      | a komodo dragon changed into something unseen
  6469 | D:8      | Noticed a jumping spider
  6473 | D:8      | Noticed a wind drake
  6473 | D:8      | a jumping spider changed into a wind drake
  6476 | D:8      | Noticed a lindwurm
  6476 | D:8      | a wind drake changed into a lindwurm
  6484 | D:8      | Noticed a sea snake
  6484 | D:8      | a lindwurm changed into a sea snake
  6489 | D:8      | Noticed a water nymph
  6489 | D:8      | a sea snake changed into a water nymph
  6492 | D:8      | Noticed a swamp dragon
  6492 | D:8      | a water nymph changed into a swamp dragon
  6493 | D:8      | Noticed a glowing shapeshifter
  6493 | D:8      | a swamp dragon changed into a glowing shapeshifter
  6493 | D:8      | Noticed a two-headed ogre
  6493 | D:8      | a glowing shapeshifter changed into a two-headed ogre
  6495 | D:8      | Noticed a mana viper
  6495 | D:8      | a two-headed ogre changed into a mana viper
  6495 | D:8      | Noticed a guardian serpent
  6495 | D:8      | a mana viper changed into a guardian serpent
  6498 | D:8      | Noticed a swamp dragon
  6498 | D:8      | a guardian serpent changed into a swamp dragon
  6505 | D:8      | Noticed a spiny frog
  6769 | D:8      | Found a burning altar of Makhleb.
  6773 | D:8      | Found a bloodstained altar of Trog.
  6807 | D:8      | Reached skill level 10 in Axes
  6815 | D:8      | Noticed a troll
  6883 | D:7      | Gained mutation: You have a pair of small horns on your head. [evolution]
  6961 | D:7      | HP: 2/85 [Maurice/enchanted hand axe (6)]
  6979 | D:7      | HP: 4/85 [Maurice/tomahawk of returning (2)]
  7043 | D:7      | HP: 4/85 [something (6)]
  7754 | D:8      | HP: 2/85 [acid dragon/splash of acid (11)]
  7754 | D:8      | Splashed by an acid dragon's acid

Skill      XL: |  1  2  3  4  5  6  7  8  9 |
---------------+----------------------------+-----
Fighting       | 4 5 6 |  6.7
Axes           | 3 4 5 7 8 9 10 | 10.1
Armour         | 4 5 |  5.8
Shields        | 4 5 6 |  6.4
Evocations     | 1 2 |  2.8
Throwing       | |  0.8
Dodging        | |  0.7
Stealth        | |  0.1

Action                   |  1- 3 |  4- 6 |  7- 9 || total
-------------------------+-------+-------+-------++-------
Melee: War axe           |    64 |   252 |   502 ||   818
       Headbutt          |       |       |     6 ||     6
Throw: Tomahawk          |       |    10 |    13 ||    23
Evoke: Wand              |       |       |    29 ||    29
  Use: Scroll            |     3 |     3 |    11 ||    17
       Potion            |       |     3 |     7 ||    10
  Eat: Meat ration       |       |     1 |     3 ||     4
       Royal jelly       |       |     1 |     1 ||     2
       Chunk             |       |     1 |       ||     1
Armor: Scale mail        |    42 |       |       ||    42
       Chain mail        |     1 |   131 |   289 ||   421
Dodge: Dodged            |    23 |    68 |   167 ||   258
Block: Shield            |    42 |   128 |   275 ||   445
